 Dungeon Crawl Stone Soup version 0.24.0-123-gd5b16e6ec5 (webtiles) character file.

Game seed: 4986465301181333235, levelgen mode: deterministic

176 AuftragZ the Conjurer (level 5, -1/28 HPs)
             Began as a Deep Elf Conjurer on Jan 23, 2020.
             Slain by an orc
             ... wielding a +0 short sword
              (3 damage)
             ... on level 4 of the Dungeon.
             The game lasted 00:12:12 (3003 turns).

AuftragZ the Conjurer (Deep Elf Conjurer)           Turns: 3003, Time: 00:12:13

Health: -1/28      AC:  2    Str:  5    XL:     5   Next: 30%
Magic:  0/14       EV: 13    Int: 21    God:
Gold:   93         SH:  0    Dex: 15    Spells: 11/14 levels left

rFire    . . .     SeeInvis .   b - +2 short sword
rCold    . . .     Gourm    .   (no shield)
rNeg     . . .     Faith    .   a - +0 robe
rPois    .         Spirit   .   (no helmet)
rElec    .         Reflect  .   (no cloak)
rCorr    .         Harm     .   (no gloves)
MR       .....                  (no boots)
Stlth    ++........             (no amulet)
HPRegen  0.09/turn              (no ring)
MPRegen  0.14/turn              (no ring)

@: no status effects
A: no striking features
a: no special abilities


You were on level 4 of the Dungeon.
You were hungry.

You visited 1 branch of the dungeon, and saw 4 of its levels.

You collected 93 gold pieces.

Inventory:

Hand Weapons
 b - a +2 short sword (weapon)
Missiles
 g - 11 poisoned darts (quivered)
Armour
 a - a +0 robe (worn)
Potions
 f - 2 potions of invisibility {unknown}
Comestibles
 c - 7 rations


   Skills:
 + Level 0.2 Short Blades
 + Level 0.1 Throwing
 - Level 2.5 Dodging
 - Level 2.5 Stealth
 * Level 5.3 Spellcasting
 + Level 6.0 Conjurations


You had 11 spell levels left.
You knew the following spells:

 Your Spells              Type           Power        Failure   Level  Hunger
a - Magic Dart            Conj           ####         1%          1    None
b - Searing Ray           Conj           ####..       1%          2    None

Your spell library contained the following spells:

 Spells                   Type           Power        Failure   Level  Hunger
 Dazzling Spray           Conj/Hex       ###...       9%          3    ##.....
 Iskenderun's Mystic Bla  Conj           ####....     9%          4    ####...
 Force Lance              Conj/Tloc      ###.....     30%         4    ####...
 Fulminant Prism          Conj/Hex       ###.......   30%         4    ####...


Dungeon Overview and Level Annotations

Branches:
Dungeon (4/15)
 Temple: D:4-7

Altars:
Cheibriados
Uskayaw


Message History

Aiming: Searing Ray (safe; 1% risk of failure)
Press: ? - help, Shift-Dir - straight line, f - orc
Aim: an orc, wielding a -3 mace The searing ray hits the orc.
The orc is almost dead. (Press . to maintain the ray.)
The searing ray hits the orc.
The orc is almost dead.
The orc closely misses you.
The orc priest calls down the wrath of Beogh upon you.
Beogh smites you!
* * * LOW HITPOINT WARNING * * *
The orc closely misses you.
Your magical contamination has completely faded away.
The searing ray hits the orc.
You kill the orc!
The orc throws a boomerang.
The boomerang hits you but does no damage.
The weapon returns to the orc!
The orc hits you with a +0 short sword.
You die...

... ..# ..#
##..## #o...#
#S##..... #o#
..#
#######[###...#
#......@o......
#.#####.#.##...
#.#.# #.. . ..#
#. #.. ## ..#
###


You could see an orc priest, an adder and 2 orcs.

Vanquished Creatures
  Blork the orc (D:4)
  A hound skeleton (D:3)
  3 adders (D:2)
  An ooze (D:2)
  2 worms
  A dart slug (D:1)
  2 leopard geckos (D:2)
  2 orcs
  A giant cockroach (D:2)
  6 goblins
  8 hobgoblins
  2 quokkas (D:2)
  A ball python (D:3)
  4 bats
  7 frilled lizards
  10 kobolds
  A quokka skeleton (D:4)
  9 rats
62 creatures vanquished.

Notes
Turn   | Place    | Note
-------+----------+-------------------------------------------
     0 | D:1      | AuftragZ the Deep Elf Conjurer began the quest for the Orb.
     0 | D:1      | Reached XP level 1. HP: 10/10 MP: 6/6
   165 | D:1      | Reached XP level 2. HP: 15/15 MP: 1/8
   169 | D:1      | Learned a level 2 spell: Searing Ray
   381 | D:1      | Reached skill level 5 in Conjurations
   936 | D:2      | Reached XP level 3. HP: 19/19 MP: 7/10
  1352 | D:2      | Found a faded altar of an unknown god.
  1362 | D:2      | Reached XP level 4. HP: 24/24 MP: 4/12
  1457 | D:2      | Became a worshipper of Uskayaw the Reveler
  1457 | D:2      | Reached * piety under Uskayaw
  1500 | D:2      | Fell from the grace of Uskayaw
  1964 | D:2      | Found a snail-covered altar of Cheibriados.
  2961 | D:4      | Noticed Blork the orc
  2967 | D:4      | Killed Blork the orc
  2967 | D:4      | Reached skill level 5 in Spellcasting
  2967 | D:4      | Reached skill level 6 in Conjurations
  2967 | D:4      | Reached XP level 5. HP: 15/28 MP: 6/14
  2978 | D:4      | Noticed an orc warrior
  3003 | D:4      | Slain by an orc

Levels and vault maps discovered:
D:1:      tarquinn_simple_flora_water_a, layout_rooms, kennysheep_small_spiral,
          nrook_mini_backslash
D:2:      layout_basic, lemuel_coloured_pillars_altar,
          chequers_ecumenical_altar_island, chequers_arboretum
D:3:      layout_loops_ring
D:4:      layout_loops_corners, kennysheep_mini_moat, minmay_box_of_dots,
          uniq_blork_the_orc, uniq_pikel

Skill      XL: |  1  2  3  4 |
---------------+-------------+-----
Conjurations   | 5 6 |  6.0
Spellcasting   | 4 5 |  5.3
Short Blades   | |  0.2
Throwing       | |  0.1
Dodging        | |  2.5
Stealth        | |  2.5

Action                   |  1- 3 |  4- 6 || total
-------------------------+-------+-------++-------
Melee: Short sword       |     6 |    14 ||    20
Throw: Dart              |       |     3 ||     3
 Cast: Magic Dart        |    63 |    37 ||   100
       Searing Ray       |     8 |    14 ||    22
Invok: Renounce Religion |       |     1 ||     1
  Use: Scroll            |     2 |     5 ||     7
       Potion            |     1 |     1 ||     2
  Eat: Chunk             |     1 |     5 ||     6
Armor: Robe              |     8 |     2 ||    10
Dodge: Dodged            |     9 |    16 ||    25
